Match 36790466
Unlisted

Match 36790466
End
Kettenkrad Recon Vehicle
Construct Infanterie Kompanie
Selects Luftwaffe Battlegroup
Selects Luftwaffe Pioneer Support
MG 42 Machine Gun Team
Grenadier Squad
Fallschirmpioneer Squad Paradrop
MG 42 Machine Gun Team
Construct Luftwaffe Kompanie
Selects Stuka Strafing Run
Selects Fallschirmjäger Squad Paradrop
Support Elements
Fallschirmjäger Squad Paradrop
Wirbelwind Flakpanzer
Stuka Strafing Run
Fallschirmjäger Squad Paradrop
Wirbelwind Flakpanzer
BrainlesS
NeverGoFullGizi
Wittman
Particycles
banksss33
Rambo Bine
0
0

Comments sign in to comment!

No comments posted yet!